 Dungeon Crawl Stone Soup version 0.27-a0-1193-g8631133539 (webtiles) character file.

Game seed: 16472176465641116246

4 pkoi the Bolt Thrower (level 1, 0/18 HPs)
             Began as a Minotaur Hunter on May 26, 2021.
             Succumbed to a kobold's poison
             ... on level 1 of the Dungeon.
             The game lasted 00:00:18 (110 turns).

pkoi the Bolt Thrower (Minotaur Hunter)              Turns: 110, Time: 00:00:18

Health: 0/18       AC:  3    Str: 16    XL:     1   Next: 50%
Magic:  0/0        EV: 11    Int:  8    God:
Gold:   0          SH:  0    Dex: 10    Spells: 0/0 levels left

rFire    . . .     SeeInvis .   b - +0 short sword
rCold    . . .     Faith    .   (no shield)
rNeg     . . .     Spirit   .   c - +0 leather armour
rPois    .         Reflect  .   (helmet restricted)
rElec    .         Harm     .   (no cloak)
rCorr    .         Rampage  .   (no gloves)
Will     .....                  (no boots)
Stlth    +.........             (no amulet)
HPRegen  0.06/turn              (no ring)
MPRegen  0.07/turn              (no ring)

@: lethally poisoned (0 -> -9)
A: horns 2, retaliatory headbutt
a: no special abilities


You were on level 1 of the Dungeon.
You visited 1 branch of the dungeon, and saw 1 of its levels.

Inventory:

Hand Weapons
 a - a +1 hand crossbow
 b - a +0 short sword (weapon)
Missiles
 d - 19 bolts
Armour
 c - a +0 leather armour (worn)


   Skills:
 - Level 2.4 Fighting
 + Level 4.6 Crossbows
 - Level 2.1 Dodging
 - Level 0.7 Stealth


You couldn't memorise any spells.
You didn't know any spells.
Your spell library contained the following spells:

 Spells                   Type           Power      Damage    Failure   Level
 Corona                   Hex            0%         N/A       47%         1
 Ensorcelled Hibernation  Hex/Ice        0%         N/A       63%         2
 Confusing Touch          Hex            0%         N/A       85%         3
 Dazzling Flash           Conj/Hex       0%         N/A       85%         3
 Tukima's Dance           Hex            0%         N/A       85%         3


Dungeon Overview and Level Annotations

Branches:
Dungeon (1/15)

Altars:


Innate Abilities, Weirdness & Mutations

You have a pair of horns on your head.
You reflexively headbutt those who attack you in melee.


Message History

You kill the ball python!
HP restored.
d - 18 bolts (gained 1)
Found a whip.
d - 19 bolts (gained 1)
You pick up a book of Maledictions and begin reading...
You add the spells Corona, Ensorcelled Hibernation, Confusing Touch, Tukima's Dance and Dazzling Flash to your library.
Found 19 stones.
You see here 19 stones.
A kobold comes into view. It is wielding a +0 dagger of venom.
The kobold shouts!
You hear a bark! x2
The kobold throws a stone.
The stone barely misses you.
You hear a bark!
You barely miss the kobold. The kobold hits you but does no damage.
You are poisoned.
You hit the kobold but do no damage.
You feel very sick.
The kobold hits you with a +0 dagger of venom.
You are lethally poisoned!
A jackal comes into view.
The kobold closely misses you.
You closely miss the kobold. You headbutt the kobold.
You kill the kobold!
You feel very sick.
You are too injured to fight recklessly!
* * * LOW HITPOINT WARNING * * *
You feel very sick. The jackal barely misses you.
The jackal closely misses you.
Things that are here:
a +0 dagger of venom; 4 stones; a kobold corpse You hit the jackal.
The jackal is heavily wounded.
* * * LOW HITPOINT WARNING * * *
You feel very sick. The jackal closely misses you.
A jackal comes into view.
The jackal barks!
You hit the jackal but do no damage. You headbutt the jackal.
You kill the jackal!
You die...

#.####
#....#
#....#
##...#
##.## #.#
#.# #
#.###h#####
#..@.......
##.########
#.# #.# #.#
#.. #.# #+#


You could see a jackal.

Vanquished Creatures
  A ball python (D:1)
  A bat (D:1)
  A jackal (D:1)
  A kobold (D:1)
4 creatures vanquished.

Notes
Turn   | Place    | Note
-------+----------+-------------------------------------------
     0 | D:1      | pkoi the Minotaur Hunter began the quest for the Orb.
     0 | D:1      | Reached XP level 1. HP: 18/18 MP: 0/0
   110 | D:1      | Succumbed to a kobold's poison

Illustrated notes

Levels and vault maps discovered:
D:1:      shiori_arrival_maze, layout_loops_ring,
          hellmonk_ecumenical_altar_slurped_away, minmay_misc_feat_room,
          minmay_split_cup_large

Action                   || total
-------------------------++-------
Melee: Short sword       ||     6
       Headbutt          ||     3
 Fire: Hand crossbow     ||     4
Armor: Leather armour    ||     1
Dodge: Dodged            ||     7

Table legend: (Time is in decaauts)
 A = Elapsed time spent in this place.
 B = Non-inter-level travel time spent in this place.
 C = Inter-level travel time spent in this place.
 D = Time resting spent in this place.
 E = Time spent auto-exploring this place.
 F = Levels seen in this place.
 G = Mean time per level.
                   A        B        C        D        E       F      G
               +--------+--------+--------+--------+--------+-----+--------+
         Total |    111 |    111 |      0 |      0 |     91 |   1 |  111.0 |
       Dungeon |    111 |    111 |      0 |      0 |     91 |   1 |  111.0 |
               +--------+--------+--------+--------+--------+-----+--------+

Top non-repeatable levels by time:
     D:1: 111 daAuts
